[Event "Pavlodar Open 2019"]
[Site "Pavlodar"]
[Date "2019.11.25"]
[Round "2.1"]
[White "Abdurakhmonov, Mukhammadali"]
[Black "Tiviakov, Sergei"]
[Result "0-1"]
[ECO "B01"]
[WhiteElo "2234"]
[BlackElo "2613"]
[Annotator "RC"]
[PlyCount "118"]
[EventDate "2019.11.25"]
[EventType "swiss"]
[EventCountry "KAZ"]
[SourceTitle "playchess.com"]
[Source "ChessBase"]
[SourceQuality "1"]
[TimeControl "5400+30"]

1. e4 d5 2. exd5 Qxd5 3. Nc3 Qd6 4. d4 Nf6 5. Be2 c6 6. Nf3 Bg4 7. h3 Bxf3 8. Bxf3 e6 9. O-O Nbd7 10. Be3 Qc7 11. Qe2 Be7 12. a4 O-O 13. g3 a5 14. Bg2 Rfe8 15. Rfe1 Bb4 16. Bd2 Qd6 17. Ne4 Nxe4 18. Bxe4 Bxd2 19. Qxd2 e5 20. Rad1 exd4 21. Qxd4 Qxd4 22. Rxd4 Nb6 23. Kf1 Rad8 24. Rxd8 Rxd8 25. b3 g6 26. Bf3 Kf8 27. Re5 Ra8 28. Bg4 Nd5 29. Ke1 f6 30. Re2 f5 31. Bf3 Nb4 32. Kd2 Rd8+ 33. Kc3 Rd6 34. Re1 b6 35. h4 Kf7 36. Re2 Na6 37. Kc4 Nc5 38. Bg2 Ne6 39. c3 Kf6 40. Bf3 Nc5 41. Re3 h6 42. Bg2 g5 43. hxg5+ hxg5 44. Bh1 g4 45. f4 gxf3 46. Bxf3 Nd7 47. b4 Ne5+ 48. Kb3 c5 49. Be2 Rd2 50. Ba6 c4+ 51. Ka3 Rc2 52. bxa5 bxa5 53. Bc8 Nd3 54. Re6+ Kg5 55. Ba6 Nc1 56. Bxc4 Rxc3+ 57. Kb2 Rxc4 58. Re3 Kg4 59. Kb1 Re4 0-1

[Event "Pavlodar Open 2019"]
[Site "Pavlodar"]
[Date "2019.11.25"]
[Round "2.3"]
[White "Obolenskikh, Dmitry"]
[Black "Sadubayev, Airat"]
[Result "1-0"]
[ECO "E18"]
[WhiteElo "2542"]
[BlackElo "2188"]
[Annotator "RC"]
[PlyCount "77"]
[EventDate "2019.11.25"]
[EventType "swiss"]
[EventCountry "KAZ"]
[SourceTitle "playchess.com"]
[Source "ChessBase"]
[SourceQuality "1"]
[TimeControl "5400+30"]

1. Nf3 Nf6 2. c4 e6 3. g3 d5 4. Bg2 Be7 5. d4 O-O 6. O-O b6 7. cxd5 exd5 8. Nc3 Bb7 9. Bf4 c6 10. Qb3 Na6 11. Rac1 Rc8 12. Bh3 Ra8 13. Rfd1 b5 14. Ne5 Qb6 15. Bg5 Bc8 16. Bg2 Be6 17. a4 b4 18. a5 Qb7 19. Na4 Rac8 20. e3 h6 21. Bxf6 Bxf6 22. Nd3 Qb5 23. Nac5 Bg4 24. Rd2 Qxa5 25. Nxa6 Qxa6 26. Bf1 Qb6 27. Qxb4 Rb8 28. Qd6 Rfc8 29. Rdc2 c5 30. Qf4 h5 31. dxc5 Qc7 32. c6 Qxf4 33. Nxf4 Bxb2 34. c7 Rb6 35. Rb1 Bd4 36. Rxb6 Bxb6 37. Nxd5 Kf8 38. Nxb6 axb6 39. Ba6 1-0

[Event "Pavlodar Open 2019"]
[Site "Pavlodar"]
[Date "2019.11.25"]
[Round "3.2"]
[White "Zhalmakhanov, Ramazan"]
[Black "Sivuk, Vitaly"]
[Result "1/2-1/2"]
[ECO "C07"]
[WhiteElo "2391"]
[BlackElo "2582"]
[Annotator "RC"]
[PlyCount "67"]
[EventDate "2019.11.25"]
[EventType "swiss"]
[EventCountry "KAZ"]
[SourceTitle "playchess.com"]
[Source "ChessBase"]
[SourceQuality "1"]
[TimeControl "5400+30"]

1. e4 e6 2. d4 d5 3. Nd2 c5 4. exd5 Qxd5 5. Ngf3 cxd4 6. Bc4 Qd7 7. O-O Nc6 8. Nb3 Nf6 9. Nbxd4 Nxd4 10. Nxd4 a6 11. c3 Qc7 12. Bb3 Bd6 13. h3 O-O 14. Re1 Bh2+ 15. Kh1 Bf4 16. Bxf4 Qxf4 17. Qf3 Qxf3 18. Nxf3 b6 19. Rad1 Bb7 20. Ne5 Rfd8 21. Kg1 Kf8 22. f3 g5 23. h4 gxh4 24. Kh2 Ke7 25. a4 Rxd1 26. Rxd1 Rg8 27. Rd4 Rg5 28. Nd3 e5 29. Rb4 Nd7 30. Rxh4 h5 31. Nf2 Nf6 32. Rb4 Nd7 33. Rh4 Nf6 34. Rb4 1/2-1/2

[Event "Pavlodar Open 2019"]
[Site "Pavlodar"]
[Date "2019.11.25"]
[Round "6.3"]
[White "Vorobiov, Evgeny E."]
[Black "Sisabayev, Kuanysh"]
[Result "1/2-1/2"]
[ECO "E91"]
[WhiteElo "2554"]
[BlackElo "2256"]
[Annotator "ChessBase"]
[PlyCount "51"]
[EventDate "2019.11.25"]
[EventType "swiss"]
[EventCountry "KAZ"]
[SourceTitle "playchess.com"]
[Source "ChessBase"]
[SourceQuality "1"]
[TimeControl "5400+30"]

1. d4 Nf6 2. c4 g6 3. Nc3 Bg7 4. e4 d6 5. Be2 O-O 6. Nf3 c5 7. O-O Bg4 8. Be3 Bxf3 9. Bxf3 cxd4 10. Bxd4 Nc6 11. Be3 Rc8 12. Be2 Nd7 13. Rc1 Nc5 14. f3 Ne6 15. Kh1 Ned4 16. Bd3 Nb4 17. b3 Nxd3 18. Qxd3 Nc6 19. Rfd1 Qa5 20. a4 Qh5 21. Nd5 g5 22. Bg1 e6 23. Ne3 Rfd8 24. Qe2 Qg6 25. Rd2 h5 26. Rcd1 1/2-1/2

[Event "Pavlodar Open 2019"]
[Site "Pavlodar"]
[Date "2019.11.25"]
[Round "6.4"]
[White "Agmanov, Zhandos"]
[Black "Burmakin, Vladimir"]
[Result "1/2-1/2"]
[ECO "B13"]
[WhiteElo "2404"]
[BlackElo "2508"]
[Annotator "ChessBase"]
[PlyCount "40"]
[EventDate "2019.11.25"]
[EventType "swiss"]
[EventCountry "KAZ"]
[SourceTitle "playchess.com"]
[Source "ChessBase"]
[SourceQuality "1"]
[TimeControl "5400+30"]

1. e4 c6 2. d4 d5 3. exd5 cxd5 4. Bd3 Nc6 5. c3 Nf6 6. Bf4 Bg4 7. Qb3 Qd7 8. Nd2 e6 9. Ngf3 Bxf3 10. Nxf3 Be7 11. Ne5 Qc8 12. O-O O-O 13. Rfe1 Nxe5 14. Bxe5 Rd8 15. Re3 Nd7 16. Qc2 g6 17. Bf4 Nf8 18. Rae1 Qd7 19. Bh6 Bf6 20. Rf3 Bg7 1/2-1/2

[Event "Pavlodar Open 2019"]
[Site "Pavlodar"]
[Date "2019.11.25"]
[Round "6.6"]
[White "Serikbay, Chingiz"]
[Black "Malakhatko, Vadim"]
[Result "1-0"]
[ECO "A41"]
[WhiteElo "2345"]
[BlackElo "2469"]
[Annotator "RC"]
[PlyCount "81"]
[EventDate "2019.11.25"]
[EventType "swiss"]
[EventCountry "KAZ"]
[SourceTitle "playchess.com"]
[Source "ChessBase"]
[SourceQuality "1"]
[TimeControl "5400+30"]

1. d4 g6 2. Nf3 Bg7 3. Bf4 d6 4. e3 Nd7 5. h3 e5 6. Bh2 Nh6 7. Be2 O-O 8. O-O Qe7 9. c4 f5 10. Nc3 c6 11. Rc1 Nf7 12. b4 g5 13. c5 d5 14. dxe5 Ndxe5 15. Nd4 Bd7 16. b5 Qf6 17. a4 f4 18. a5 a6 19. bxa6 bxa6 20. Na4 Ra7 21. Nb6 Nh6 22. Nxd7 Rxd7 23. Rb1 Nf5 24. Nxf5 Qxf5 25. Rb4 fxe3 26. fxe3 Qe6 27. Rxf8+ Bxf8 28. Qd4 Re7 29. Bxa6 Nd7 30. Bc8 Re8 31. Bxd7 Qxd7 32. Rb8 Rxb8 33. Bxb8 Qd8 34. Bd6 Qxa5 35. Bxf8 Kxf8 36. Qf6+ Kg8 37. Qxg5+ Kf7 38. Qf5+ Kg8 39. Qc8+ Kg7 40. Qd7+ Kh8 41. Qxc6 1-0

[Event "Pavlodar Open 2019"]
[Site "Pavlodar"]
[Date "2019.11.25"]
[Round "6.7"]
[White "Suleymenov, Alisher"]
[Black "Faizrakhmanov, Ramil"]
[Result "0-1"]
[ECO "E12"]
[WhiteElo "2373"]
[BlackElo "2434"]
[Annotator "NA"]
[PlyCount "86"]
[EventDate "2019.11.25"]
[EventType "swiss"]
[EventCountry "KAZ"]
[SourceTitle "playchess.com"]
[Source "ChessBase"]
[SourceQuality "1"]
[TimeControl "5400+30"]

1. d4 Nf6 2. c4 e6 3. Nf3 b6 4. a3 Ba6 5. Qc2 Bb7 6. Nc3 c5 7. e4 cxd4 8. Nxd4 Bc5 9. Nf3 Nc6 10. b4 Nd4 11. Qd2 Nxf3+ 12. gxf3 Be7 13. Bb2 d6 14. Rg1 O-O 15. O-O-O e5 16. f4 Nxe4 17. Nxe4 Bxe4 18. fxe5 d5 19. f3 Bg6 20. cxd5 a5 21. d6 axb4 22. Rxg6 bxa3 23. dxe7 axb2+ 24. Kxb2 Qxe7 25. Qd6 Qh4 26. Rg4 Qf2+ 27. Qd2 Qxf3 28. Rg3 Qf5 29. Bc4 Ra4 30. Bb3 Rf4 31. Re3 Kh8 32. Qd3 Qg5 33. Rd2 h5 34. Bc2 g6 35. Qc3 Kh7 36. Rg3 Qe7 37. Re2 Qd7 38. Bb3 Rc8 39. Qe3 Rb4 40. Rf3 Rc7 41. Ref2 Qd5 42. Rd2 Rxb3+ 43. Qxb3 Qxd2+ 0-1